 Dungeon Crawl Stone Soup version 0.31-a0-523-g071a6c1ffa (webtiles) character file.

Game seed: 4911937059137911531

53 LeprechaunX the Ruffian (level 3, 0/24 HPs)
             Began as an Octopode Shapeshifter on Aug 12, 2023.
             Was a Follower of Trog.
             Slain by a ball python (1 damage)
             ... on level 2 of the Dungeon.
             The game lasted 00:01:05 (953 turns).

LeprechaunX the Ruffian (Octopode Shapeshifter)      Turns: 953, Time: 00:01:05

Health: 0/24       AC:  1    Str: 16    XL:     3   Next: 87%
Magic:  3/3        EV: 10    Int: 10    God:    Trog [*.....]
Gold:   86         SH:  0    Dex: 12    Spells: 2/2 levels left

rFire   . .          .
                       - Unarmed
rCold   . . .        (no shield)
rNeg    . . .        (helmet currently unavailable)
rPois   .            (no amulet)
rElec   .            (no ring)
rCorr   .            (no ring)
SInv    .            (no ring)
Will    .....        (no ring)
Stlth   ++           (no ring)
HPRegen 0.24/turn    (no ring)
MPRegen 0.08/turn    (no ring)
                     (no ring)

%: no passive effects
@: lethally poisoned (0 -> -2), beast-form, constricted
A: beast (slay +2), almost no armour, amphibious, 8 rings, camouflage 1,
gelatinous body 1, (nimble swimmer 1), tentacles
a: Begin Untransformation, Renounce Religion, Berserk


You were on level 2 of the Dungeon.
You worshipped Trog.
Trog was aware of your devotion.
You were a hulking beast.
You visited 1 branch of the dungeon, and saw 2 of its levels.

You collected 86 gold pieces.

Inventory:

Talismans
 b - a beast talisman (active)
 c - a flux talisman
Scrolls
 d - 3 scrolls of amnesia {unknown}
 f - 2 scrolls of identify {unknown}
 h - a scroll of poison {unknown}
 j - a scroll of fear {unknown}
Potions
 a - a potion of lignification
 e - a potion of curing {unknown}
 g - a potion of brilliance {unknown}
 i - a potion of might {unknown}
 k - a potion of mutation {unknown}


   Skills:
 + Level 1.9 Fighting
 + Level 2.6 Dodging
 + Level 3.4 Unarmed Combat
 + Level 3.3 Shapeshifting


You had 2 spell levels left.
You didn't know any spells.
Your spell library was empty.

Dungeon Overview and Level Annotations

Branches:
Dungeon (2/15)

Altars:
Trog


Innate Abilities, Weirdness & Mutations

You are a hulking beast.
Your limbs bulge with bestial killing power. (Slay +2)
You cannot wear most types of armour.
You are amphibious.
You can wear up to eight rings at the same time.
Your skin changes colour to match your surroundings (Stealth+).
Your rubbery body absorbs attacks. (AC +1, EV +1)
((You are camouflaged when in or above water. (Stealth+)))
You have tentacles for arms and can constrict up to eight enemies at once.


Message History

You barely miss the frilled lizard. Your grab misses the frilled lizard.
Your squeeze misses the frilled lizard.
The ball python hisses angrily.
The adder hisses angrily.
The frilled lizard bites you.
You barely miss the frilled lizard.
The hobgoblin shouts!
Your grab misses the frilled lizard.
The frilled lizard completely misses you.
You miss the frilled lizard. You grab the frilled lizard.
You constrict the frilled lizard. The frilled lizard bites you.
You tentacle-slap the frilled lizard.
You kill the frilled lizard!
Trog accepts your kill.
You tentacle-slap the adder. You grab the adder.
The adder is heavily wounded.
You constrict the adder, but do no damage.
The hobgoblin hits you. The adder closely misses you.
You tentacle-slap the adder.
The adder is severely wounded.
You constrict the adder. The ball python bites you. The ball python grabs you.
The ball python constricts you. The adder bites you.
You are poisoned.
The adder poisons you!
The hobgoblin hits you but does no damage.
You tentacle-slap the adder.
You kill the adder!
Trog accepts your kill.
You feel sick. The ball python bites you.
* * * LOW HITPOINT WARNING * * *
The ball python constricts you. The hobgoblin hits you.
* * * LOW HITPOINT WARNING * * *
You tentacle-slap the hobgoblin. You grab the hobgoblin.
The hobgoblin is severely wounded.
You constrict the hobgoblin.
You kill the hobgoblin!
Trog accepts your kill.
* * * LOW HITPOINT WARNING * * *
You feel sick. The ball python misses you. The ball python constricts you.
The ball python bites you.
You die...

............#
..#.......#.#
#..........#
############.......#.#
........#.....>......#
........#..#.......#.#
........#......S.....#
........#..#.#.#h#.#
........#..........#
........#........###
........########.#
.#...............#
.#............####
.#............#
.#............#
.#............#


You could see a ball python.

Vanquished Creatures
  2 adders (D:2)
  A worm (D:2)
  3 ball pythons
  2 bats
  An endoplasm (D:1)
  4 giant cockroaches
  4 goblins
  3 hobgoblins
  3 jackals (D:1)
  2 frilled lizards
  3 kobolds (D:1)
  3 rats
31 creatures vanquished.

Notes
Turn   | Place    | Note
-------+----------+-------------------------------------------
     0 | D:1      | LeprechaunX the Octopode Shapeshifter began the quest for
                  | the Orb.
     0 | D:1      | Reached XP level 1. HP: 13/13 MP: 1/1
   184 | D:1      | Reached XP level 2. HP: 11/18 MP: 2/2
   381 | D:1      | Found a faded altar of an unknown god.
   720 | D:1      | Prayed at the altar of an unknown god.
   720 | D:1      | Became a worshipper of Trog the Wrathful
   720 | D:1      | Reached * piety under Trog
   769 | D:2      | Reached XP level 3. HP: 19/24 MP: 3/3
   953 | D:2      | HP: 1/24 [poisoned by an adder]
   953 | D:2      | Slain by a ball python

Illustrated notes

Levels and vault maps discovered:
D:1:      sevenhm_arrival_forest_fort_small_5, layout_basic,
          shapermc_ecumenical_altar_acropolis, minmay_split_cup_large
D:2:      layout_basic, kennysheep_doodads, st_stairs_4

Action                     || total
---------------------------++-------
  Melee: Unarmed           ||    56
         Constrict         ||    16
         Tentacles         ||     7
         Punch             ||     2
   Stab: Sleeping          ||     8
 Armour: Skin              ||     3
  Dodge: Dodged            ||    26

Table legend: (Time is in decaauts)
 A = Elapsed time spent in this place.
 B = Non-inter-level travel time spent in this place.
 C = Inter-level travel time spent in this place.
 D = Time resting spent in this place.
 E = Time spent auto-exploring this place.
 F = Levels seen in this place.
 G = Mean time per level.
                   A        B        C        D        E       F      G
               +--------+--------+--------+--------+--------+-----+--------+
         Total |    949 |    880 |     69 |      0 |    706 |   2 |  474.5 |
       Dungeon |    949 |    880 |     69 |      0 |    706 |   2 |  474.5 |
               +--------+--------+--------+--------+--------+-----+--------+

Top non-repeatable levels by time:
     D:1: 737 daAuts
     D:2: 212 daAuts
